 Dungeon Crawl Stone Soup version 0.30-a0-900-g23479c02f2 (console) character file.

Game seed: 2226016973447321291

1241 jejorda2 the Spear-Bearer (level 8, 0/96 HPs)
             Began as a Merfolk Berserker on Mar 18, 2023.
             Was a Believer of Trog.
             Slain by a yak (11 damage)
             ... on level 6 of the Dungeon.
             The game lasted 00:13:10 (4901 turns).

jejorda2 the Spear-Bearer (Merfolk Berserker)       Turns: 4901, Time: 00:13:12

Health: 0/96       AC: 15    Str: 20    XL:     8   Next: 49%
Magic:  8/8        EV:  6    Int:  6    God:    Trog [**....]
Gold:   325        SH:  0    Dex: 13    Spells: 7/7 levels left

rFire   . . .      SeeInvis .    a - +3 halberd (heavy)
rCold   . . .      Faith    .    (shield currently unavailable)
rNeg    . . .      Spirit   .    g - +0 plate armour
rPois   +          Reflect  .    w - +2 helmet
rElec   .          Rampage  .    (no cloak)
rCorr   .                        (no gloves)
Will    .....                    (no boots) Stlth
                                 (no amulet)
HPRegen 0.36/turn                y - ring of poison resistance
MPRegen 0.11/turn                (no ring)

@: berserking, very quick
A: (nimble swimmer 2), mertail
a: Renounce Religion, Berserk, Trog's Hand


You were on level 6 of the Dungeon.
You worshipped Trog.
Trog was pleased with you.
You visited 1 branch of the dungeon, and saw 6 of its levels.

You collected 325 gold pieces.

Inventory:

Hand Weapons
 a - a +3 heavy halberd (weapon)
 b - a +0 spear
 h - a +0 halberd
Missiles
 c - 72 stones (quivered)
 e - 6 poisoned darts
 p - 3 atropa-tipped darts
Armour
 g - a +0 plate armour (worn)
 w - a +2 helmet (worn)
Jewellery
 i - an amulet of reflection
 y - a ring of poison resistance (left hand)
 B - an amulet of the acrobat
Wands
 j - a wand of flame (44)
 n - a wand of mindburst (26)
 z - a wand of iceblast (3)
Scrolls
 d - 3 scrolls of fear
 k - a scroll of identify
 m - 2 scrolls of enchant armour
 o - a scroll of teleportation
 s - a scroll of amnesia
 v - a scroll of immolation
 x - a scroll of noise
 C - 2 scrolls of poison
Potions
 f - 2 potions of attraction
 l - 3 potions of flight
 q - 2 potions of mutation
 r - a potion of magic {unknown}
 A - 2 potions of degeneration {unknown}
 D - a potion of brilliance {unknown}
 E - 2 potions of berserk rage {unknown}
 F - a potion of heal wounds
 G - a potion of curing {unknown}


   Skills:
 - Level 6.0 Fighting
 * Level 10.2 Polearms
 + Level 4.1 Armour
 - Level 2.6 Dodging


You had 7 spell levels left.
You didn't know any spells.
Your spell library was empty.

Dungeon Overview and Level Annotations

Branches:
Dungeon (6/15)             Temple (0/1) D:4

Altars:
Cheibriados
Dithmenos
Okawaru
Wu Jian
Yredelemnul

Shops:
D:6 [

Annotations:
D:6 Prince Ribbit


Innate Abilities, Weirdness & Mutations

((You are very nimble when in or above water. (Stealth+, EV+, Speed+++)))
Your lower body shifts to a powerful aquatic tail in water.


Message History

You impale the orc!!
You kill the orc!
Trog accepts your kill.
A yak comes into view.
A yak comes into view.
The yak bellows! x2
A yak comes into view.
The yak bellows!
Prince Ribbit barely misses you.
You hit Prince Ribbit.
Prince Ribbit is lightly wounded.
Prince Ribbit blinks!
You reach to attack!
You closely miss the yak. You miss Prince Ribbit.
Prince Ribbit is lightly wounded.
Prince Ribbit hits you. x2; The yak barely misses you.
The yak gores you but does no damage.
You barely miss Prince Ribbit.
Prince Ribbit is lightly wounded.
Prince Ribbit hits you but does no damage.
Prince Ribbit hits you. The yak gores you but does no damage.
The yak gores you!
A red film seems to cover your vision as you go berserk!
You feel yourself moving faster!
You feel mighty!
You hear the slow hiss of a very distant avalanche of sand.
Prince Ribbit hits you! The yak gores you! The yak gores you.
Prince Ribbit hops awkwardly around.
Prince Ribbit hits you!
* * * LOW HITPOINT WARNING * * *
You barely miss the yak. The yak gores you but does no damage.
Prince Ribbit hits you!
* * * LOW HITPOINT WARNING * * *
The yak completely misses you.
You slash the yak!
The yak is moderately wounded.
Prince Ribbit hits you but does no damage.
The yak gores you.
* * * LOW HITPOINT WARNING * * *
The yak gores you!
You die...

..<.........
....<...^...
####.####..#
#########+## #. ..#
.... ... ..#.... :..
.>. $.##..# #.# ..#
####..###.########...#
..#.............@YY..#
..#... #........YF...#
..##.# #..###+###....#
#+##.###..## +####
...........#
......(....#
...........#
..##.#..#..#
############


You could see Prince Ribbit and 3 yaks.

Vanquished Creatures
  A water moccasin (D:5)
  An ice beast (D:5)
  An ogre (D:5)
  6 killer bees (D:5)
  A howler monkey (D:5)
  A jelly (D:6)
  A gnoll bouda (D:5)
  2 orc priests
  A hound (D:5)
  Ijyb (D:4)
  6 iguanas
  3 sleepcaps
  A mummy (D:4)
  Robin (D:3)
  8 gnolls
  4 adders
  2 white imps
  An ufetubus (D:4)
  A worm (D:3)
  10 orcs
  4 ball pythons
  4 endoplasms
  3 giant cockroaches
  13 goblins
  9 hobgoblins
  4 jackals (D:3)
  8 kobolds
  A quokka (D:2)
  2 bats
  4 frilled lizards
  3 rats (D:1)
108 creatures vanquished.

Notes
Turn   | Place    | Note
-------+----------+-------------------------------------------
     0 | D:1      | jejorda2 the Merfolk Berserker began the quest for the Orb.
     0 | D:1      | Reached XP level 1. HP: 18/18 MP: 1/1
    68 | D:1      | Reached XP level 2. HP: 21/24 MP: 2/2
   794 | D:2      | Found a faded altar of an unknown god.
   826 | D:2      | Reached XP level 3. HP: 16/29 MP: 3/3
  1060 | D:2      | Reached skill level 5 in Polearms
  1641 | D:3      | Reached XP level 4. HP: 37/37 MP: 4/4
  1862 | D:3      | Reached ** piety under Trog
  1967 | D:3      | Found a basalt altar of Yredelemnul.
  2053 | D:3      | Found a shadowy altar of Dithmenos.
  2264 | D:4      | Noticed Robin
  2273 | D:3      | Killed Robin
  2280 | D:3      | Reached XP level 5. HP: 42/42 MP: 5/5
  2413 | D:4      | Reached skill level 6 in Polearms
  2631 | D:4      | Found a staircase to the Ecumenical Temple.
  2755 | D:4      | Noticed Ijyb
  2760 | D:4      | Killed Ijyb
  2761 | D:4      | Reached XP level 6. HP: 49/49 MP: 6/6
  2883 | D:4      | Found a snail-covered altar of Cheibriados.
  3015 | D:4      | Found an ornate altar of the Wu Jian Council.
  3164 | D:4      | Reached skill level 7 in Polearms
  3422 | D:5      | Entered Level 5 of the Dungeon
  3479 | D:5      | Reached skill level 5 in Fighting
  3479 | D:5      | Reached XP level 7. HP: 56/56 MP: 7/7
  3491 | D:5      | Reached skill level 8 in Polearms
  4252 | D:5      | Reached skill level 9 in Polearms
  4252 | D:5      | Reached XP level 8. HP: 59/64 MP: 8/8
  4581 | D:5      | Reached skill level 10 in Polearms
  4592 | D:5      | Found an iron altar of Okawaru.
  4826 | D:6      | Found Byusmoud's Armour Shoppe.
  4891 | D:6      | Noticed Prince Ribbit
  4892 | D:6      | Noticed a yak
  4893 | D:6      | Noticed a yak
  4893 | D:6      | Noticed a yak
  4901 | D:6      | Slain by a yak

Illustrated notes

Levels and vault maps discovered:
D:1:      saegor_arrival_simple_c, layout_loops_ring
D:2:      layout_loops_ring, shapermc_ecumenical_altar_totnotflames
D:3:      layout_loops_ring, marbit_many_paths, lemuel_coloured_pillars_altar
D:4:      layout_loops_ring, slow_altar_1, nzn_wu_jian_council_hall,
          minmay_temple_entry_waves, minmay_misc_feat_rugged, uniq_robin,
          uniq_ijyb
D:5:      layout_loops_ring, okawaru_altar_gauntlet_db,
          kennysheep_generic_room_5
D:6:      layout_gridville, mainiacjoe_overflow_alcove_2, serial_shops,
          nicolae_shop_statue_plus, lightli_ossuary_entry_decrepit_ruins,
          grunt_ministairs_15, uniq_prince_ribbit1

Skill      XL: |  1  2  3  4  5  6  7  8 |
---------------+-------------------------+-----
Polearms       | 5 6 7 9 10 | 10.2
Armour         | 2 3 4 |  4.1
Fighting       | 4 5 6 |  6.0
Dodging        | |  2.6

Action                     |  1- 3 |  4- 6 |  7- 9 || total
---------------------------+-------+-------+-------++-------
  Melee: Spear             |   100 |   182 |       ||   282
         Punch             |       |     4 |       ||     4
         Halberd           |       |    10 |    86 ||    96
  Throw: Stone             |       |     7 |     9 ||    16
 Invoke: Berserk           |     2 |     5 |     2 ||     9
  Evoke: Wand              |       |     2 |       ||     2
    Use: Potion            |       |       |     2 ||     2
         Scroll            |       |       |    14 ||    14
   Stab: Sleeping          |     1 |       |       ||     1
 Armour: Animal skin       |     6 |       |       ||     6
         Plate armour      |    21 |    61 |    62 ||   144
         Skin              |       |       |     6 ||     6
  Dodge: Dodged            |    19 |    35 |    38 ||    92
  Block: Other             |     2 |    28 |       ||    30

Table legend: (Time is in decaauts)
 A = Elapsed time spent in this place.
 B = Non-inter-level travel time spent in this place.
 C = Inter-level travel time spent in this place.
 D = Time resting spent in this place.
 E = Time spent auto-exploring this place.
 F = Levels seen in this place.
 G = Mean time per level.
                   A        B        C        D        E       F      G
               +--------+--------+--------+--------+--------+-----+--------+
         Total |   4984 |   4674 |    310 |    576 |   3222 |   6 |  830.7 |
       Dungeon |   4984 |   4674 |    310 |    576 |   3222 |   6 |  830.7 |
               +--------+--------+--------+--------+--------+-----+--------+

Top non-repeatable levels by time:
     D:5: 1282 daAuts
     D:4: 1147 daAuts
     D:3: 905 daAuts
     D:1: 735 daAuts
     D:2: 710 daAuts
     D:6: 203 daAuts
